 Dungeon Crawl Stone Soup version 0.29-a0-757-g358383bc75 (webtiles) character file.

Game seed: 16411855265201663735

3048 buhh the Changer (level 9, -3/62 HPs)
             Began as an Octopode Transmuter on July 1, 2022.
             Was a Priest of Cheibriados.
             Slain by a two-headed ogre
             ... wielding a +0 giant club
              (26 damage)
             ... on level 8 of the Dungeon.
             The game lasted 00:17:50 (9970 turns).

buhh the Changer (Octopode Transmuter)              Turns: 9970, Time: 00:17:50

Health: -3/62      AC:  6    Str: 16    XL:     9   Next: 87%
Magic:  10/12      EV: 25    Int: 25    God:    Cheibriados [***...]
Gold:   300        SH:  0    Dex: 23    Spells: 3/12 levels left

rFire   . . .      SeeInvis .     - Unarmed
rCold   . . .      Faith    +   (shield currently unavailable)
rNeg    . . .      Spirit   .   (helmet currently unavailable)
rPois   x          Reflect  .   o - amulet of faith {!P}
rElec   .          Harm     .   i - +4 ring of protection
rCorr   .          Rampage  .   n - +4 ring of slaying
Will    .....                   B - ring of flight
Stlth   +++.......              (no ring)
HPRegen 0.20/turn               (no ring)
MPRegen 0.13/turn               (no ring)
                                (no ring)
                                (no ring)

@: spider-form, flying, very slow
A: venomous fangs, almost no armour, (amphibious), 8 rings, tiny, (camouflage
1), (gelatinous body 1), (nimble swimmer 1), (tentacles)
a: End Transformation, Renounce Religion, Bend Time, Temporal Distortion


You were on level 8 of the Dungeon.
You worshipped Cheibriados.
Cheibriados was most pleased with you.
You were a venomous arachnid creature.
You visited 2 branches of the dungeon, and saw 9 of its levels.

You collected 415 gold pieces.
You spent 115 gold pieces at shops.

Inventory:

Missiles
 j - 12 poisoned darts
 q - 2 throwing nets {!f}
Jewellery
 c - a ring of ice
 i - a +4 ring of protection (left front leg)
 n - a +4 ring of slaying (right front leg)
 o - an amulet of faith (around neck) {!P}
 x - an amulet of reflection
 B - a ring of flight (on tentacle)
Wands
 m - a wand of quicksilver (4)
 u - a wand of polymorph (8)
Scrolls
 b - a scroll of summoning {unknown}
 d - 2 scrolls of brand weapon
 f - a scroll of fear {!r}
 g - a scroll of identify {!d}
 t - 5 scrolls of teleportation {!d}
 A - a scroll of immolation {unknown}
 P - 2 scrolls of magic mapping {!r!d}
 Q - 4 scrolls of fog
 Z - 2 scrolls of enchant armour
Potions
 a - 2 potions of haste {unknown}
 e - a potion of might {unknown}
 h - 2 potions of brilliance {unknown}
 l - a potion of lignification {!d}
 p - a potion of degeneration
 r - a potion of cancellation {unknown}
 v - a potion of mutation {unknown}
 w - 2 potions of attraction {unknown}
 C - a potion of berserk rage {unknown}
 M - a potion of heal wounds {!q!d}
 N - 5 potions of curing {!q!d}


   Skills:
 * Level 6.2 Fighting
 - Level 6.0 Dodging
 - Level 3.0 Stealth
 - Level 4.0 Unarmed Combat
 - Level 2.0 Spellcasting
 - Level 7.0 Transmutations
 - Level 7.0 Ice Magic
 - Level 1.0 Poison Magic


You had 3 spell levels left.
You knew the following spells:

 Your Spells              Type           Power      Damage    Failure   Level
b - Wereblood             Tmut           37%        N/A       4%          2
c - Spider Form           Tmut/Pois      22%        N/A       17%         3
d - Ice Form              Ice/Tmut       37%        N/A       17%         4

Your spell library contained the following spells:

 Spells                   Type           Power      Damage    Failure   Level
 Beastly Appendage        Tmut           74%        N/A       4%          1
 Ensorcelled Hibernation  Hex/Ice        40%        N/A       13%         2
 Magic Dart               Conj           8%         1d3       26%         1
 Necrotize                Necr           8%         1d4       26%         1
 Shock                    Conj/Air       8%         1d3       26%         1
 Call Imp                 Summ           2%         N/A       36%         2
 Mephitic Cloud           Conj/Pois/Air  4%         N/A       52%         3
 Dazzling Flash           Conj/Hex       4%         N/A       54%         3
 Gell's Gravitas          Tloc           2%         N/A       54%         3
 Swiftness                Air            2%         N/A       54%         3
 Teleport Other           Tloc           2%         N/A       54%         3
 Vampiric Draining        Necr           2%         2d6       54%         3
 Airstrike                Air            1%         N/A       88%         4
 Anguish                  Hex/Necr       1%         N/A       88%         4
 Iskenderun's Mystic Bla  Conj/Tloc      2%         2d3       88%         4
 Agony                    Necr           2%         N/A       99%         5
 Dispersal                Tloc           1%         N/A       100%        6
 Starburst                Conj/Fire      1%         6d3       100%        6


Dungeon Overview and Level Annotations

Branches:
Dungeon (8/15) Zot: 39250  Temple (1/1) D:5 Zot: 8763
   Lair: D:8-11

Altars:
Ashenzari
Cheibriados
Dithmenos
Elyvilon
Fedhas
Gozag
Hepliaklqana
Kikubaaqudgha
Makhleb
Nemelex Xobeh
Okawaru
Qazlal
Ru
Sif Muna
Trog
Uskayaw
Vehumet
Wu Jian
Xom
Yredelemnul
The Shining One

Shops:
D:3 *   D:7 [

Annotations:
D:4 exclusion: lemure
D:5 exclusion: jelly
D:7 3 runed translucent doors, Dowan; Duvessa; Maggie; Taurus's ghost, novice MiFi
D:8 Joseph


Innate Abilities, Weirdness & Mutations

You are a venomous arachnid creature.
You have poisonous fangs.
You are tiny and dextrous.
Your spellcasting is less reliable in this form.
Your armour is entirely melded.
You are incapable of wielding weapons or throwing items.
You cannot wear most types of armour.
((You are amphibious.))
You can wear up to eight rings at the same time.
((Your skin changes colour to match your surroundings (Stealth+).))
((Your rubbery body absorbs attacks. (AC +1, EV +1)))
((You are camouflaged when in or above water. (Stealth+)))
((You have tentacles for arms and can constrict up to eight enemies at once.))


Message History

There is an open door here.
There is an open door here.
There is an open door here.
You turn into a venomous arachnid creature.
The two-headed ogre shouts in stereo!
The two-headed ogre hits you with a +0 giant club!
The two-headed ogre hits you with a +0 dire flail!
You hit the two-headed ogre.
The two-headed ogre is poisoned.
The two-headed ogre is lightly wounded.
You hit the two-headed ogre but do no damage.
The two-headed ogre looks even sicker.
The two-headed ogre is lightly wounded.
The two-headed ogre completely misses you.
The two-headed ogre barely misses you.
You hit the two-headed ogre.
The two-headed ogre looks as sick as possible!
The two-headed ogre is lightly wounded.
The two-headed ogre closely misses you.
The two-headed ogre hits you but does no damage.
You bite the two-headed ogre!
The two-headed ogre looks as sick as possible!
The two-headed ogre is moderately wounded.
You hit the two-headed ogre.
The two-headed ogre looks as sick as possible!
The two-headed ogre is moderately wounded.
The two-headed ogre hits you with a +0 giant club.
The two-headed ogre barely misses you.
You bite the two-headed ogre!
The two-headed ogre looks as sick as possible!
The two-headed ogre is heavily wounded.
You hit the two-headed ogre.
The two-headed ogre is severely wounded.
The two-headed ogre hits you with a +0 giant club.
The two-headed ogre misses you.
You hit the two-headed ogre.
The two-headed ogre looks as sick as possible!
The two-headed ogre is severely wounded.
The two-headed ogre hits you with a +0 giant club!
The two-headed ogre hits you with a +0 dire flail!!
You die...

.....#. #.....#......#.....#'###
.....'. #.....#......#..........
.....# #.....'......#..........
.....# ##.....#....###..........
.#'###..#......#....### #.....
.#......#......#....'. #.....
.'......#......#.^..# #.....
.#......#......#O...# #.....
.########......#s...# #.....
...............#....##. #.....
#))............'.....'.. #.....
#.)............#######.. #.....
#....................# . #.....
#....................#######))...
#........######............).)...
#........#....#.............))...
#........#....#..................


You could see a two-headed ogre (extremely poisoned).

Vanquished Creatures
  Psyche (D:8)
  Grinder (D:3)
  4 water moccasins
  An orc warrior (D:7)
  A sky beast (D:7)
  2 black bears
  2 ogres
  2 centaurs
  A phantom (D:5)
  3 bullfrogs
  A necrophage (D:4)
  2 scorpions
  4 wights (D:8)
  3 hounds
  2 jellies (D:6)
  3 orc priests
  An iguana (D:6)
  7 orc wizards
  Natasha (thrice) (D:3)
  7 adders
  3 gnolls (D:5)
  3 shadow imps
  A white imp (D:6)
  3 worms
  6 dart slugs
  29 orcs
  9 ball pythons
  4 bats
  8 endoplasms
  5 giant cockroaches
  13 goblins
  7 hobgoblins
  5 jackals
  3 quokkas
  4 frilled lizards
  8 kobolds
  5 rats
167 creatures vanquished.

Notes
Turn   | Place    | Note
-------+----------+-------------------------------------------
     0 | D:1      | buhh the Octopode Transmuter began the quest for the Orb.
     0 | D:1      | Reached XP level 1. HP: 13/13 MP: 3/3
    68 | D:1      | Reached XP level 2. HP: 17/18 MP: 3/5
   561 | D:1      | Reached XP level 3. HP: 25/25 MP: 4/6
   961 | D:1      | Found a faded altar of an unknown god.
  1347 | D:2      | Found a shimmering blue altar of Sif Muna.
  1599 | D:2      | Reached XP level 4. HP: 18/31 MP: 4/7
  2448 | D:3      | Noticed Natasha
  2462 | D:3      | Killed Natasha
  2605 | D:3      | Reached XP level 5. HP: 31/38 MP: 6/8
  2625 | D:3      | Noticed Natasha
  3310 | D:3      | Killed Natasha
  3500 | D:3      | Noticed Grinder
  3502 | D:3      | Killed Grinder
  3503 | D:3      | Reached XP level 6. HP: 46/46 MP: 9/9
  3589 | D:3      | Found Haifacie's General Store.
  3601 | D:3      | Bought a scroll of blinking for 82 gold pieces
  3601 | D:3      | Bought a scroll of identify for 22 gold pieces
  3601 | D:3      | Bought a potion of degeneration for 11 gold pieces
  3721 | D:3      | iguanaiguana: hi hi hi hi
  3724 | D:3      | Learned a level 2 spell: Wereblood
  3728 | D:3      | Learned a level 3 spell: Spider Form
  3823 | D:3      | Noticed Natasha
  3824 | D:3      | buhh: o.o
  3824 | D:3      | buhh: hello!
  3824 | D:3      | iguanaiguana: Stawp running around all craazy
  3824 | D:3      | iguanaiguana: You gotta go SO SLOW
  3828 | D:3      | Killed Natasha
  3984 | D:4      | iguanaiguana: Like, what if that cat killed you??
  4011 | D:4      | buhh: righty
  4011 | D:4      | buhh: brb afk sorry
  4011 | D:4      | buhh: call
  4011 | D:4      | buhh: okay
  4017 | D:4      | Reached XP level 7. HP: 52/52 MP: 8/10
  4066 | D:4      | Found a radiant altar of Vehumet.
  5370 | D:5      | Entered Level 5 of the Dungeon
  5650 | D:5      | Found a staircase to the Ecumenical Temple.
  5659 | Temple   | Entered the Ecumenical Temple
  5755 | Temple   | Became a worshipper of Cheibriados the Contemplative
  5868 | D:5      | Reached XP level 8. HP: 55/57 MP: 7/11
  6122 | D:5      | Learned a level 4 spell: Ice Form
  6890 | D:6      | Found a stormy altar of Qazlal.
  6937 | D:6      | Reached * piety under Cheibriados
  7394 | D:6      | Reached XP level 9. HP: 56/62 MP: 5/12
  7881 | D:7      | Noticed Duvessa
  8139 | D:7      | Noticed Dowan
  8186 | D:7      | Reached ** piety under Cheibriados
  8581 | D:7      | Found Cysen's Antique Armour Emporium.
  8615 | D:7      | Found a shadowy altar of Dithmenos.
  8615 | D:7      | Found a glowing golden altar of the Shining One.
  8694 | D:7      | Found a runed translucent gate.
  8694 | D:7      | Found a runed translucent gate.
  8694 | D:7      | Found a runed translucent gate.
  8697 | D:7      | Noticed Taurus's ghost (novice MiFi)
  8700 | D:7      | Identified the +0 plate armour "Kaapsub" {Dex+3}
  8893 | D:7      | Noticed Maggie
  8896 | D:8      | Noticed Joseph
  8941 | D:8      | Noticed a two-headed ogre
  9468 | D:8      | Identified the +2 sling of the Imperium {flame, Str+2
                  | Dex+3}
  9815 | D:8      | Noticed Psyche
  9827 | D:8      | Killed Psyche
  9827 | D:8      | Reached *** piety under Cheibriados
  9970 | D:8      | Slain by a two-headed ogre

Illustrated notes

Levels and vault maps discovered:
D:1:      denvon_arrival_planthouse, layout_basic,
          hellmonk_ecumenical_altar_pennies_from_heaven,
          chequers_serial_rivers_micro_c
D:2:      layout_basic, basic_altar, kennysheep_generic_room_11
D:3:      layout_basic, serial_shops, shop, uniq_grinder, uniq_natasha
D:4:      minmay_opposing_rooms, layout_loops_corners,
          nicolae_vehumet_altar_sigil, uniq_pikel
D:5:      layout_basic, minmay_temple_entry_junction, roderic_lattice_a
D:6:      layout_cave_pools, nicolae_qazlal_style_of_elements
D:7:      layout_cave_pods, kennysheep_little_box,
          gammafunk_temple_overflow_wave, serial_shops, shop,
          biasface_ghost_orc_armoury, uniq_maggie, uniq_duvessa
D:8:      layout_gridville, uniq_joseph, uniq_psyche
Temple:   minmay_temple_bridge_d

Skill      XL: |  1  2  3  4  5  6  7  8  9 |
---------------+----------------------------+-----
Stealth        | 1 2 3 |  3.0
Fighting       | 2 3 4 6 |  6.2
Transmutations | 3 6 7 |  7.0
Poison Magic   | 1 |  1.0
Ice Magic      | 5 7 |  7.0
Unarmed Combat | 4 |  4.0
Dodging        | 6 |  6.0
Spellcasting   | |  2.0

Action                   |  1- 3 |  4- 6 |  7- 9 || total
-------------------------+-------+-------+-------++-------
Melee: Unarmed           |    81 |    79 |   254 ||   414
       Constrict         |    28 |    20 |     9 ||    57
       Kick              |    23 |    21 |     6 ||    50
       Tentacles         |    14 |    16 |     8 ||    38
       Punch             |     3 |     2 |     1 ||     6
 Cast: Beastly Appendage |    22 |    28 |    10 ||    60
       Spider Form       |       |       |    39 ||    39
       Wereblood         |       |       |     2 ||     2
       Ice Form          |       |       |     1 ||     1
Evoke: Wand              |       |     2 |       ||     2
  Use: Potion            |     1 |       |       ||     1
       Scroll            |       |     4 |    10 ||    14
 Stab: Sleeping          |     5 |     7 |     5 ||    17
Armor: Skin              |    12 |     5 |    45 ||    62
Dodge: Dodged            |    36 |    37 |   236 ||   309

Table legend: (Time is in decaauts)
 A = Elapsed time spent in this place.
 B = Non-inter-level travel time spent in this place.
 C = Inter-level travel time spent in this place.
 D = Time resting spent in this place.
 E = Time spent auto-exploring this place.
 F = Levels seen in this place.
 G = Mean time per level.
                   A        B        C        D        E       F      G
               +--------+--------+--------+--------+--------+-----+--------+
         Total |  10778 |  10412 |    366 |   1461 |   7531 |   9 | 1197.6 |
       Dungeon |  10589 |  10347 |    242 |   1461 |   7472 |   8 | 1323.6 |
        Temple |    188 |     64 |    124 |      0 |     59 |   1 |  188.0 |
               +--------+--------+--------+--------+--------+-----+--------+

Top non-repeatable levels by time:
     D:4: 1476 daAuts
     D:3: 1452 daAuts
     D:5: 1400 daAuts
     D:7: 1385 daAuts
     D:8: 1248 daAuts
     D:1: 1239 daAuts
     D:2: 1193 daAuts
     D:6: 1192 daAuts
  Temple: 188 daAuts
